 Dungeon Crawl Stone Soup version 0.20-a0-705-gbe8799e (webtiles) character file.

16915 M4edhros the Thaumaturge (level 12, 0/78 HPs)
             Began as a Deep Elf Air Elementalist on Feb 21, 2017.
             Was a High Priest of Dithmenos.
             Slain by a skeletal warrior
             ... wielding a +0 mace
             ... led by a skeletal warrior
              (19 damage)
             ... on level 11 of the Dungeon.
             The game lasted 00:25:25 (10977 turns).

M4edhros the Thaumaturge (DEAE)                    Turns: 10977, Time: 00:25:25

Health: 0/78       AC: 11    Str: 15    XL:     12   Next: 14%
Magic:  9/26       EV: 20    Int: 24    God:    Dithmenos [*****.]
Gold:   615        SH:  7    Dex: 17    Spells: 17/32 levels left

rFire    . . .     SeeInvis .   A - +2 dagger (protect)
rCold    . . .     Gourm    .   S - +0 acid dragon scales
rNeg     . . .     Faith    .   d - +2 buckler
rPois    .         Spirit   .   U - +0 hat
rElec    .         Reflect  .   (no cloak)
rCorr    +         Harm     .   Y - +1 pair of gloves
MR       +....     Rnd*Tele +   q - +2 pair of boots {Fly}
Stlth    +++.......             z - amulet of magic regeneration
Regen    0.3/turn               y - +6 ring of strength
MPRegen  0.3/turn               C - +3 ring of evasion

@: flying, wreathed by umbra
A: blurry vision 1, clever 1, low mp 1, sense surroundings 1, robust 1,
screaming 1, strong 1, teleportitis 1
a: Shadow Step, Shadow Form, Renounce Religion, Stop Flying


You were on level 11 of the Dungeon.
You worshipped Dithmenos.
Dithmenos was extremely pleased with you.
You were very hungry.

You visited 1 branch of the dungeon, and saw 12 of its levels.

You collected 615 gold pieces.

Inventory:

Hand Weapons
 r - a +2 hand axe of chopping
 A - a +2 dagger of protection (weapon)
 D - a +0 hand axe of venom
Armour
 d - a +2 buckler (worn)
 q - a +2 pair of boots of flying (worn)
 S - +0 acid dragon scales (worn)
 U - a +0 hat (worn)
 Y - a +1 pair of gloves (worn)
Jewellery
 y - a +6 ring of strength (right hand)
 z - an amulet of magic regeneration (around neck)
 C - a +3 ring of evasion (left hand)
 P - an uncursed ring of poison resistance {unknown}
Wands
 i - a wand of disintegration (9/24)
 m - a wand of lightning (4/15)
 I - a wand of iceblast (4/15)
 K - a wand of enslavement (17/24)
 T - a wand of digging (6/24)
 W - a wand of disintegration (16/24)
 X - a wand of polymorph (10/24)
Scrolls
 a - 2 scrolls of identify
 e - 2 scrolls of blinking {unknown}
 f - 5 scrolls of teleportation
 g - 3 scrolls of enchant weapon {unknown}
 h - 9 scrolls of remove curse
 j - 3 scrolls of fear {unknown}
 n - 2 scrolls of random uselessness {unknown}
 o - 4 scrolls of magic mapping {unknown}
 p - 3 scrolls of amnesia {unknown}
 t - a scroll of enchant armour {unknown}
 v - 3 scrolls of recharging {unknown}
 x - a scroll of noise {unknown}
 E - 2 scrolls of fog
 G - 3 scrolls of immolation {unknown}
 M - 2 scrolls of silence
 O - a scroll of vulnerability
Potions
 k - 4 potions of curing
 s - a potion of heal wounds
 u - 3 potions of degeneration {unknown}
 w - a potion of magic {unknown}
 F - a potion of lignification {unknown}
 H - 3 potions of brilliance {unknown}
 J - a potion of flight {unknown}
 L - a potion of cancellation {unknown}
 N - a potion of agility {unknown}
 R - a potion of might
 Z - a potion of haste
Books
 b - a book of Air

   Spells                             Type                      Level
   a - Shock                          Conjuration/Air              1
   b - Swiftness                      Charms/Air                   2
   c - Static Discharge               Conjuration/Air              3
   d - Airstrike                      Air                          4
   e - Lightning Bolt                 Conjuration/Air              5
Miscellaneous
 V - a phantom mirror
Comestibles
 c - 11 bread rations
 l - 26 fruits
 B - 4 royal jellies
 Q - 5 meat rations


   Skills:
 + Level 6.8 Fighting
 * Level 2.7 Armour
 + Level 8.6 Dodging
 - Level 2.4 Stealth
 - Level 4.4 Shields
 + Level 10.8 Spellcasting
 + Level 9.1 Conjurations
 - Level 3.7 Charms
 * Level 10.7 Air Magic


You had 17 spell levels left.
You knew the following spells:

 Your Spells              Type           Power        Failure   Level  Hunger
a - Shock                 Conj/Air       ####         1%          1    None
b - Static Discharge      Conj/Air       ######..     1%          3    None
c - Swiftness             Chrm/Air       #####...     1%          2    None
d - Airstrike             Air            ######....   1%          4    None
e - Lightning Bolt        Conj/Air       ######....   3%          5    ####...


Dungeon Overview and Level Annotations

Branches:
Dungeon (12/15)            Temple (0/1) D:5            Lair (0/6) D:8
    Orc (0/2) D:9

Altars:
Dithmenos
Fedhas
Hepliaklqana Ieoh Jian
Kikubaaqudgha
Makhleb
Nemelex Xobeh
Okawaru
Qazlal
Trog
Xom
Zin
The Shining One

Shops:
D:6 (   D:10 [


Innate Abilities, Weirdness & Mutations

Scrolls take you a little longer to read.
Your mind is acute. (Int +2)
Your magical capacity is low. (-10% MP)
You passively map a small area around you.
You are robust. (+10% HP)
You occasionally shout uncontrollably at your foes.
Your muscles are strong. (Str +2)
You are occasionally teleported next to monsters.


Message History

The skeletal warrior hits you with a mace.
Casting: Airstrike
Confirm with . or Enter, or press ? or * to list all spells.
Aiming: Airstrike
Press: ? - help, Dir - move target cursor, f/p - skeletal warrior
Aim: a skeletal warrior, wielding a mace (heavily damaged, umbra)
The air twists around and strikes the skeletal warrior!
The skeletal warrior is heavily damaged.
Casting: Airstrike
Confirm with . or Enter, or press ? or * to list all spells.
Aiming: Airstrike
Press: ? - help, Dir - move target cursor, f/p - skeletal warrior
Aim: a skeletal warrior, wielding a mace (heavily damaged, umbra)
The air twists around and strikes the skeletal warrior!
The skeletal warrior is severely damaged.
You block the skeletal warrior's attack.
The skeletal warrior hits you with a mace!
* * * LOW HITPOINT WARNING * * *
The skeletal warrior hits you with a mace!!
You die...

.....##..##......# #.# ######
#######..#######.# #.# #.....
#..#######.# #.# #.####
###......).#.# #.# #.# #
#...######.#.# #.# #.# #...#
#.#.# #.# #.# #...# #.#.# #.# #.#
##.## #.#.# ###(#####.### #.#
#.#@# #...........# #.#
#.#z###.#>#####)#.#
#.#######.........#####.#.## #
#.......................#)..
############.#.#.###.#########...
......# #.#.#.# #.# ##.. .####.#
#.#.#.# #.# ##.
#####.######.#.#.###.# #.
.....................# #########.


You could see a skeletal warrior.

Vanquished Creatures
  Gastronok (D:9)
  4 two-headed ogres
  An unseen horror (D:10)
  A deep elf mage (D:11)
  The ghost of lupus83 the Transmogrifier, a novice MfTm of Makhleb (D:4)
  Psyche (D:9)
  A troll (D:10)
  A hornet (D:10)
  Grinder (D:4)
  2 hippogriffs
  A wyvern (D:8)
  14 yaks
  A human (D:11)
  Grum (D:10)
  3 hungry ghosts
  An acid dragon (D:8)
  A soldier ant (D:11)
  5 sky beasts
  3 ice beasts
  4 orc warriors
  A phantom (D:6)
  4 black bears
  2 necrophages (D:11)
  4 wolves (D:10)
  4 ogres
  3 centaurs
  4 crocodiles
  5 bullfrogs
  4 big kobolds
  A gnoll sergeant (D:10)
  A water moccasin zombie (D:5)
  4 scorpions
  15 killer bees (D:9)
  9 wights
  3 electric eels
  2 howler monkeys
  2 crimson imps
  A quasit (D:7)
  2 bullfrog zombies
  2 jellies
  2 centaur skeletons
  13 orc priests
  6 hounds
  2 bullfrog skeletons
  An iguana (D:4)
  21 orc wizards
  11 worker ants
  A hound zombie (D:6)
  3 gnolls (D:10)
  10 adders
  3 shadow imps
  An ooze (D:6)
  An adder zombie (D:10)
  An adder skeleton (D:8)
  2 worms
  A dart slug (D:1)
  8 leopard geckos
  48 orcs
  3 bats
  2 giant cockroaches
  2 hobgoblins (D:1)
  6 jackals
  4 quokkas
  2 ball pythons
  7 frilled lizards
  6 goblins
  28 kobolds
  A leopard gecko zombie (D:6)
  A quokka skeleton (D:4)
  7 rats
325 creatures vanquished.

Notes
Turn   | Place    | Note
-------+----------+-------------------------------------------
     0 | D:1      | M4edhros the Deep Elf Air Elementalist began the quest for the Orb.
     0 | D:1      | Reached XP level 1. HP: 10/10 MP: 6/6
   228 | D:1      | Reached skill level 1 in Shields
   304 | D:1      | Reached XP level 2. HP: 15/15 MP: 2/8
   840 | D:2      | Reached XP level 3. HP: 15/19 MP: 1/9
   950 | D:2      | Found a faded altar of an unknown god.
  1005 | D:2      | Became a worshipper of Dithmenos the Shadowed
  1005 | D:2      | Reached * piety under Dithmenos
  1191 | D:2      | Found a shadowy altar of Dithmenos.
  1243 | D:2      | Found an ornate altar of the Ieoh Jian Council.
  1244 | D:2      | Found a glowing golden altar of the Shining One.
  1281 | D:2      | Found a burning altar of Makhleb.
  1282 | D:2      | Noticed an Executioner
  1287 | D:2      | Found a glowing silver altar of Zin.
  1287 | D:2      | Noticed an angel
  1683 | D:3      | Reached XP level 4. HP: 24/24 MP: 1/10
  1848 | D:3      | Found an ancient bone altar of Kikubaaqudgha.
  1859 | D:3      | Found a hazy altar of Hepliaklqana.
  1859 | D:3      | Found a blossoming altar of Fedhas.
  1911 | D:3      | Reached ** piety under Dithmenos
  2471 | D:4      | Noticed an ice beast
  2487 | D:4      | Killed an ice beast
  2487 | D:4      | Reached XP level 5. HP: 9/28 MP: 0/11
  2574 | D:4      | Noticed lupus83's ghost (novice MfTm)
  2679 | D:4      | Found a stormy altar of Qazlal.
  2787 | D:4      | Reached XP level 6. HP: 23/33 MP: 2/13
  2941 | D:4      | Reached skill level 1 in Fighting
  3261 | D:4      | Noticed Grinder
  3264 | D:4      | Paralysed by Grinder for 4 turns
  3277 | D:4      | Killed Grinder
  3277 | D:4      | Reached XP level 7. HP: 21/39 MP: 7/15
  3497 | D:4      | Killed lupus83's ghost
  3497 | D:4      | Reached skill level 5 in Spellcasting
  3497 | D:4      | Reached XP level 8. HP: 35/45 MP: 3/18
  3504 | D:4      | Learned a level 3 spell: Static Discharge
  3507 | D:4      | Learned a level 2 spell: Swiftness
  3512 | D:4      | Learned a level 4 spell: Airstrike
  3518 | D:4      | Learned a level 5 spell: Lightning Bolt
  3721 | D:4      | Reached skill level 5 in Air Magic
  3873 | D:5      | Entered Level 5 of the Dungeon
  4013 | D:5      | Reached *** piety under Dithmenos
  4029 | D:5      | Found a sparkling altar of Nemelex Xobeh.
  4273 | D:5      | Found a staircase to the Ecumenical Temple.
  4868 | D:6      | Found Voihowu's Weapon Boutique.
  4922 | D:6      | Reached skill level 5 in Conjurations
  5029 | D:6      | Gained mutation: You are clumsy. (Dex -2) [mutagenic meat]
  5030 | D:6      | Lost mutation: You are clumsy. (Dex -2) [mutagenic meat]
  5031 | D:6      | Gained mutation: You have a pair of small horns on your head. [mutagenic meat]
  5220 | D:6      | Reached XP level 9. HP: 52/52 MP: 15/21
  5810 | D:7      | Reached skill level 1 in Charms
  5819 | D:7      | Reached **** piety under Dithmenos
  5820 | D:7      | Lost mutation: You have a pair of small horns on your head. [potion of mutation]
  5820 | D:7      | Gained mutation: You are somewhat resistant to further mutation. [potion of mutation]
  5820 | D:7      | Gained mutation: You can translocate small distances at will. [potion of mutation]
  5821 | D:7      | Lost mutation: You are somewhat resistant to further mutation. [potion of mutation]
  5821 | D:7      | Lost mutation: You can translocate small distances at will. [potion of mutation]
  5821 | D:7      | Gained mutation: You are dopey. (Int -2) [potion of mutation]
  5821 | D:7      | Gained mutation: Your magical capacity is low. (-10% MP) [potion of mutation]
  5821 | D:7      | Gained mutation: You have a pair of small horns on your head. [potion of mutation]
  5822 | D:7      | Lost mutation: You are dopey. (Int -2) [potion of mutation]
  5822 | D:7      | Lost mutation: You have a pair of small horns on your head. [potion of mutation]
  5822 | D:7      | Lost mutation: Your magical capacity is low. (-10% MP) [potion of mutation]
  5822 | D:7      | Gained mutation: You occasionally shout uncontrollably at your foes. [potion of mutation]
  5822 | D:7      | Gained mutation: You are robust. (+10% HP) [potion of mutation]
  6168 | D:7      | Reached skill level 5 in Dodging
  6483 | D:8      | Gained mutation: You are occasionally teleported next to monsters. [mutagenic meat]
  6531 | D:8      | Reached skill level 5 in Fighting
  6608 | D:8      | Reached XP level 10. HP: 57/64 MP: 10/24
  6621 | D:8      | Found an iron altar of Okawaru.
  6690 | D:8      | Found a shimmering altar of Xom.
  7118 | D:8      | Noticed a two-headed ogre
  7123 | D:8      | Killed a two-headed ogre
  7357 | D:8      | Found a staircase to the Lair.
  7538 | D:9      | Reached ***** piety under Dithmenos
  7550 | D:9      | Noticed Psyche
  7601 | D:9      | Killed Psyche
  7988 | D:9      | Noticed Gastronok
  8003 | D:9      | Killed Gastronok
  8003 | D:9      | Reached XP level 11. HP: 37/70 MP: 2/26
  8245 | D:9      | Found a staircase to the Orcish Mines.
  8335 | D:9      | Gained mutation: You are covered in fur. (AC +1) [mutagenic meat]
  8337 | D:9      | Gained mutation: You passively map a small area around you. [mutagenic meat]
  8338 | D:9      | Gained mutation: Your magical capacity is low. (-10% MP) [mutagenic meat]
  8523 | D:9      | Found a bloodstained altar of Trog.
  8884 | D:10     | Entered Level 10 of the Dungeon
  8998 | D:10     | Noticed Grum
  9019 | D:10     | Killed Grum
  9169 | D:10     | Reached skill level 10 in Spellcasting
  9439 | D:10     | Killed an unseen horror
  9439 | D:10     | Reached skill level 10 in Air Magic
  9598 | D:10     | Noticed a two-headed ogre
  9605 | D:10     | Killed a two-headed ogre
  9869 | D:10     | Noticed a two-headed ogre
  9881 | D:10     | Killed a two-headed ogre
  9881 | D:10     | Reached skill level 1 in Armour
  9890 | D:10     | Found Gis Noss's Armour Shop.
 10161 | D:11     | Gained mutation: Your mind is acute. (Int +2) [mutagenic meat]
 10162 | D:11     | Lost mutation: You are covered in fur. (AC +1) [mutagenic meat]
 10163 | D:11     | Gained mutation: Your muscles are strong. (Str +2) [mutagenic meat]
 10164 | D:11     | Gained mutation: Scrolls take you a little longer to read. [mutagenic meat]
 10201 | D:11     | Noticed a two-headed ogre
 10209 | D:11     | Killed a two-headed ogre
 10514 | D:11     | Noticed a deep elf mage
 10517 | D:11     | Killed a deep elf mage
 10517 | D:11     | Reached XP level 12. HP: 78/78 MP: 11/26
 10977 | D:11     | Slain by a skeletal warrior

Vault maps used:
D:1:      minmay_arrival_four_loops, st_stairs_8, grunt_decor_one_mirror,
          minmay_cupped
D:2:      grunt_temple_overflow_order_and_chaos_2, lemuel_round_altar,
          gammafunk_temple_overflow_statue, chequers_ecumenical_altar_simple,
          dk_vineyard_3, minmay_misc_feat_square
D:3:      grunt_temple_overflow_open, first_bread, columned_hall_lemuel
D:4:      marbit_many_paths, uniq_grinder
D:5:      nemelex_xobeh_ov_fountains_minmay, minmay_temple_entry_mist
D:6:      serial_shops, nicolae_shop_stone
D:7:      wad_guarded_room, fountainhead
D:8:      xom_butterflies, okawaru_gym_becter, erik_lair_dragon
D:9:      trog_ov_bears_minmay, david_orc_3, uniq_psyche, uniq_gastronok
D:10:     nicolae_whirlpool, serial_shops, nicolae_shop_statue_plus, uniq_grum
D:11:     minmay_klotski, hangedman_stone_soup
D:12:     kennysheep_nub, uniq_rupert

Skill      XL: |  1  2  3  4  5  6  7  8  9 10 11 |
---------------+----------------------------------+-----
Shields        | 1 2 3 4 |  4.4
Fighting       | 1 2 4 5 6 |  6.8
Conjurations   | 2 4 5 6 7 9 |  9.1
Spellcasting   | 4 5 7 8 9 10 | 10.8
Air Magic      | 4 5 7 9 10 | 10.7
Dodging        | 3 5 7 8 |  8.6
Charms         | 3 |  3.7
Armour         | 2 |  2.7
Stealth        | |  2.4

Action                   |  1- 3 |  4- 6 |  7- 9 | 10-12 || total
-------------------------+-------+-------+-------+-------++-------
Melee: Unarmed           |    15 |       |       |       ||    15
       Hand axe          |       |    21 |    34 |       ||    55
       Headbutt          |       |       |     2 |       ||     2
       Dagger            |       |       |     1 |    97 ||    98
 Cast: Shock             |   105 |   115 |   303 |   409 ||   932
       Airstrike         |       |       |    23 |    26 ||    49
       Static Discharge  |       |       |     3 |    22 ||    25
       Lightning Bolt    |       |       |       |     3 ||     3
  Use: Scroll            |       |     4 |     4 |     6 ||    14
       Potion            |       |     2 |     3 |     1 ||     6
 Stab: Distracted        |       |     1 |       |       ||     1
  Eat: Chunk             |     1 |     6 |    11 |    22 ||    40
       Meat ration       |       |       |     1 |       ||     1
       Royal jelly       |       |       |     1 |       ||     1
Armor: Robe              |     2 |     7 |    23 |     2 ||    34
       Acid dragon scale |       |       |       |    71 ||    71
Dodge: Dodged            |    23 |    28 |    91 |   211 ||   353
Block: Buckler           |    14 |    10 |    40 |    90 ||   154
